PBL
JOPLIN BLASTERS @ VICTORIA CAPITALS
09/21/2045
 
TOP OF THE 1ST
Joplin Blasters batting - Pitching for Victoria Capitals : RHP Josh Newell
Pitching: RHP Josh Newell
Batting: RHB Dave Saldana 0-0: Called Strike
0-1: Ball
1-1: Ball
2-1: Called Strike
2-2: Ball
3-2: Fly out, F9 (Flyball, 9S, EV 83.1 MPH)
Batting: RHB Kevin Wimberly 0-0: Called Strike
0-1: Ball
1-1: Foul Ball, location: 2F
1-2: Strikes out swinging
Batting: LHB Mike Bhatti 0-0: Ball
1-0: Ball
2-0: SOLO HOME RUN (Flyball, 7D, EV 96.2 MPH), Distance : 372 ft
Batting: RHB Chance Argy 0-0: Ball
1-0: Foul Ball, location: 2F
1-1: Foul Ball, location: 2F
1-2: Fly out, F9 (Flyball, 9LS, EV 89.4 MPH)
Top of the 1st over - 1 run, 1 hit, 0 errors, 0 left on base; Joplin 1 - Victoria 0
BOTTOM OF THE 1ST
Victoria Capitals batting - Pitching for Joplin Blasters : RHP Obiniana Gaters
Pitching: RHP Obiniana Gaters
Batting: RHB Julian Gregory 0-0: Ball
1-0: Foul Ball, location: 2F
1-1: Ball
2-1: Swinging Strike
2-2: Foul Ball, location: 2F
2-2: Foul Ball, location: 2F
2-2: Strikes out swinging
Batting: RHB Enrique Valdez 0-0: Ball
1-0: Fly out, F7 (Flyball, 78D, EV 86.2 MPH)
Batting: RHB Mike Conaway 0-0: SINGLE (Groundball, 34D, EV 105.0 MPH)
Batting: SHB Ray Skogen 0-0: Ball
1-0: Swinging Strike
1-1: Ball
Mike Conaway steals 2nd base
2-1: Ball
3-1: Fly out, F8 (Flyball, 8LS, EV 88.8 MPH)
Bottom of the 1st over - 0 runs, 1 hit, 0 errors, 1 left on base; Joplin 1 - Victoria 0
TOP OF THE 2ND
Joplin Blasters batting - Pitching for Victoria Capitals : RHP Josh Newell
Batting: RHB Carlos Almada 0-0: Swinging Strike
0-1: Ground out U3 (Groundball, 3, EV 108.1 MPH)
Batting: SHB Bill Ertl 0-0: Called Strike
0-1: Foul Ball, location: 2F
0-2: Strikes out looking
Batting: LHB Edgar Ortiz 0-0: Called Strike
0-1: Swinging Strike
0-2: Ball
1-2: Ball
2-2: Strikes out swinging
Top of the 2nd over - 0 runs, 0 hits, 0 errors, 0 left on base; Joplin 1 - Victoria 0
BOTTOM OF THE 2ND
Victoria Capitals batting - Pitching for Joplin Blasters : RHP Obiniana Gaters
Batting: LHB Addisu Nyamekye 0-0: Called Strike
0-1: SINGLE (Groundball, 34D, EV 94.4 MPH)
Batting: RHB Kinzo Yokoyama 0-0: Called Strike
0-1: Called Strike
Addisu Nyamekye steals 2nd, throwing error, E2
Addisu Nyamekye to third
0-2: Foul Ball, location: 2F
0-2: Foul Ball, location: 2F
0-2: Strikes out swinging
Pitching: RHP Ian Current
Batting: RHB Jose Zuniga 0-0: Swinging Strike
0-1: Foul Ball, location: 2F
0-2: Foul Ball, location: 2F
0-2: Ball
1-2: Ball
2-2: Strikes out swinging
Batting: RHB Chris Skaff 0-0: Ball
1-0: Called Strike
1-1: Ball
2-1: Called Strike
2-2: Foul Ball, location: 2F
2-2: Ground out 6-3 (Groundball, 6, EV 96.9 MPH)
Bottom of the 2nd over - 0 runs, 1 hit, 1 error, 1 left on base; Joplin 1 - Victoria 0
TOP OF THE 3RD
Joplin Blasters batting - Pitching for Victoria Capitals : RHP Josh Newell
Batting: RHB Vance Coen 0-0: Foul Ball, location: 2F
0-1: Ball
1-1: Foul Ball, location: 2F
1-2: Ball
2-2: Strikes out swinging
Batting: RHB Carlos Santoni 0-0: Called Strike
0-1: Swinging Strike
0-2: Strikes out swinging
Batting: RHB Dave Saldana 0-0: Ball
1-0: Ball
2-0: Swinging Strike
2-1: Swinging Strike
2-2: Strikes out swinging
Top of the 3rd over - 0 runs, 0 hits, 0 errors, 0 left on base; Joplin 1 - Victoria 0
BOTTOM OF THE 3RD
Victoria Capitals batting - Pitching for Joplin Blasters : RHP Ian Current
Batting: RHB David Greene 0-0: Ball
1-0: Foul Ball, location: 2F
1-1: Foul Ball, location: 2F
1-2: SINGLE (Line Drive, 56, EV 95.0 MPH)
Batting: RHB Julian Gregory 0-0: Ball
1-0: Ball
2-0: Foul Ball, location: 2F
2-1: DOUBLE (Flyball, 78D, EV 100.0 MPH)
David Greene to third
Batting: RHB Enrique Valdez 0-0: Called Strike
0-1: Ball
1-1: Swinging Strike
1-2: Foul Ball, location: 2F
1-2: Strikes out swinging
Batting: RHB Mike Conaway 0-0: Ball
1-0: Called Strike
1-1: DOUBLE (Line Drive, 78D, EV 109.4 MPH)
David Greene scores
Julian Gregory scores
Batting: SHB Ray Skogen 0-0: Swinging Strike
0-1: Foul Ball, location: 2F
0-2: Ball
1-2: Fly out, F8 (Flyball, 8RD, EV 106.9 MPH)
Runner from 2nd tags up, SAFE at 3rd with throw by CF
Pitching: RHP Brett Essary
Batting: LHB Addisu Nyamekye 0-0: Ball
1-0: Foul Ball, location: 2F
1-1: DOUBLE (Line Drive, 7LM, EV 106.9 MPH)
Mike Conaway scores
Batting: RHB Kinzo Yokoyama 0-0: Foul Ball, location: 2F
0-1: Foul Ball, location: 2F
0-2: Ball
1-2: Ball
2-2: Ball
3-2: Strikes out swinging
Bottom of the 3rd over - 3 runs, 4 hits, 0 errors, 1 left on base; Joplin 1 - Victoria 3
TOP OF THE 4TH
Joplin Blasters batting - Pitching for Victoria Capitals : RHP Josh Newell
Batting: RHB Kevin Wimberly 0-0: Ball
1-0: Called Strike
1-1: Swinging Strike
1-2: Foul Ball, location: 2F
1-2: Strikes out looking
Batting: LHB Mike Bhatti 0-0: Foul Ball, location: 2F
0-1: Ball
1-1: Ball
2-1: Fly out, F8 (Line Drive, 8RM, EV 92.5 MPH)
Batting: RHB Chance Argy 0-0: Foul Ball, location: 2F
0-1: Foul Ball, location: 2F
0-2: Strikes out swinging
Top of the 4th over - 0 runs, 0 hits, 0 errors, 0 left on base; Joplin 1 - Victoria 3
BOTTOM OF THE 4TH
Victoria Capitals batting - Pitching for Joplin Blasters : RHP Brett Essary
Batting: RHB Jose Zuniga 0-0: Fly out, F8 (Flyball, 89D, EV 93.8 MPH)
Batting: RHB Chris Skaff 0-0: Ball
1-0: Ball
2-0: Called Strike
2-1: Foul Ball, location: 2F
2-2: Strikes out swinging
Batting: RHB David Greene 0-0: Ball
1-0: Ball
2-0: Ball
3-0: Base on Balls
Batting: RHB Julian Gregory 0-0: SINGLE (Groundball, 6MS, EV 65.0 MPH) (infield hit)
David Greene to second
Batting: RHB Enrique Valdez 0-0: Swinging Strike
0-1: Foul Ball, location: 2F
0-2: Foul Ball, location: 2F
0-2: Strikes out swinging
Bottom of the 4th over - 0 runs, 1 hit, 0 errors, 2 left on base; Joplin 1 - Victoria 3
TOP OF THE 5TH
Joplin Blasters batting - Pitching for Victoria Capitals : RHP Josh Newell
Batting: RHB Carlos Almada 0-0: Ball
1-0: Called Strike
1-1: Ball
2-1: Called Strike
2-2: Ground out 6-3 (Groundball, 6, EV 78.8 MPH)
Batting: SHB Bill Ertl 0-0: Called Strike
0-1: Swinging Strike
0-2: Ball
1-2: Strikes out looking
Batting: LHB Edgar Ortiz 0-0: Called Strike
0-1: Ball
1-1: Ball
2-1: Swinging Strike
2-2: Fly out, F8 (Flyball, 8LXD, EV 95.6 MPH)
Top of the 5th over - 0 runs, 0 hits, 0 errors, 0 left on base; Joplin 1 - Victoria 3
BOTTOM OF THE 5TH
Victoria Capitals batting - Pitching for Joplin Blasters : RHP Brett Essary
Batting: RHB Mike Conaway 0-0: SINGLE (Line Drive, 9S, EV 93.1 MPH)
Batting: SHB Ray Skogen 0-0: Swinging Strike
0-1: Hit by Pitch
Mike Conaway to second
Batting: LHB Addisu Nyamekye 0-0: Fielders Choice at 2nd, 3-6 (Groundball, 3, EV 85.6 MPH)
Mike Conaway to third
Batting: RHB Kinzo Yokoyama 0-0: Ball
1-0: Called Strike
1-1: Swinging Strike
1-2: Foul Ball, location: 2F
1-2: Foul Ball, location: 2F
1-2: Ball
2-2: Foul Ball, location: 2F
2-2: Ball
3-2: Foul Ball, location: 2F
3-2: Foul Ball, location: 2F
3-2: Strikes out swinging
Pitching: RHP Josh Rutledge
Batting: RHB Jose Zuniga 0-0: Ball
Addisu Nyamekye steals 2nd base
1-0: Called Strike
1-1: Called Strike
1-2: Fly out, F8 (Flyball, 8LXD, EV 98.1 MPH)
Bottom of the 5th over - 0 runs, 1 hit, 0 errors, 2 left on base; Joplin 1 - Victoria 3
TOP OF THE 6TH
Joplin Blasters batting - Pitching for Victoria Capitals : RHP Josh Newell
Batting: RHB Vance Coen 0-0: Called Strike
0-1: Foul Ball, location: 2F
0-2: Ball
1-2: Ball
2-2: Strikes out looking
Batting: RHB Carlos Santoni 0-0: Ball
1-0: Ground out 5-3 (Groundball, 25, EV 85.6 MPH)
Batting: RHB Dave Saldana 0-0: SINGLE (Groundball, 25, EV 71.9 MPH) (infield hit)
Batting: RHB Kevin Wimberly 0-0: Ball
Dave Saldana is caught stealing 2nd base 2-4
Top of the 6th over - 0 runs, 1 hit, 0 errors, 0 left on base; Joplin 1 - Victoria 3
BOTTOM OF THE 6TH
Victoria Capitals batting - Pitching for Joplin Blasters : RHP Josh Rutledge
Batting: RHB Chris Skaff 0-0: Ball
1-0: Ball
2-0: Foul Ball, location: 2F
2-1: Called Strike
2-2: SINGLE (Line Drive, 34D, EV 98.1 MPH)
Batting: RHB David Greene 0-0: Ball
1-0: Ball
2-0: Called Strike
2-1: Ball
3-1: Foul Ball, location: 2F
3-2: SINGLE (Groundball, 56S, EV 65.6 MPH) (infield hit)
Chris Skaff to second
Batting: RHB Julian Gregory 0-0: Ball
1-0: Ball
2-0: Called Strike
2-1: Ball
3-1: Base on Balls
Chris Skaff to third
David Greene to second
Batting: RHB Enrique Valdez 0-0: Ball
1-0: Ball
2-0: DOUBLE (Flyball, 3D, EV 89.4 MPH)
Chris Skaff scores
David Greene scores
Julian Gregory to third
Batting: RHB Mike Conaway 0-0: Ball
1-0: Swinging Strike
1-1: Foul Ball, location: 2F
1-2: Fly out, F7 (Flyball, 78M, EV 88.1 MPH)
Runner from 3rd tags up, SCORES, throw by LF
Pitching: RHP Jordan Viveros
Batting: SHB Ray Skogen 0-0: Called Strike
0-1: Foul Ball, location: 2F
0-2: Ball
1-2: Ball
2-2: Ball
3-2: Strikes out looking
Batting: LHB Addisu Nyamekye 0-0: Ball
1-0: Ball
2-0: Called Strike
2-1: Swinging Strike
2-2: Strikes out swinging
Bottom of the 6th over - 3 runs, 3 hits, 0 errors, 1 left on base; Joplin 1 - Victoria 6
TOP OF THE 7TH
Joplin Blasters batting - Pitching for Victoria Capitals : RHP Josh Newell
Pitching: RHP Frank Cabrera
Batting: RHB Kevin Wimberly 0-0: Ball
1-0: Ball
2-0: Foul Ball, location: 2F
2-1: Foul Ball, location: 2F
2-2: Fly out, F7 (Flyball, 78M, EV 88.1 MPH)
Batting: LHB Mike Bhatti 0-0: Swinging Strike
0-1: Foul Ball, location: 2F
0-2: Ball
1-2: Foul Ball, location: 2F
1-2: Fly out, F8 (Flyball, 8RXD, EV 96.9 MPH)
Batting: RHB Chance Argy 0-0: Fly out, F8 (Flyball, 8RM, EV 91.9 MPH)
Top of the 7th over - 0 runs, 0 hits, 0 errors, 0 left on base; Joplin 1 - Victoria 6
BOTTOM OF THE 7TH
Victoria Capitals batting - Pitching for Joplin Blasters : RHP Jordan Viveros
Batting: RHB Kinzo Yokoyama 0-0: Called Strike
0-1: Foul Ball, location: 2F
0-2: Foul Ball, location: 2F
0-2: Fly out, F8 (Line Drive, 8LD, EV 86.9 MPH)
Batting: RHB Jose Zuniga 0-0: Called Strike
0-1: Swinging Strike
0-2: Strikes out swinging
Batting: RHB Chris Skaff 0-0: Called Strike
0-1: Foul Ball, location: 2F
0-2: Foul Ball, location: 2F
0-2: Strikes out swinging
Bottom of the 7th over - 0 runs, 0 hits, 0 errors, 0 left on base; Joplin 1 - Victoria 6
TOP OF THE 8TH
Joplin Blasters batting - Pitching for Victoria Capitals : RHP Frank Cabrera
Batting: RHB Carlos Almada 0-0: Ball
1-0: Foul Ball, location: 2F
1-1: Ball
2-1: Swinging Strike
2-2: Ball
3-2: Base on Balls
Batting: SHB Bill Ertl 0-0: Ball
1-0: Foul Ball, location: 2F
1-1: Foul Ball, location: 2F
1-2: Strikes out looking
Pitching: LHP Chris Wheeler
Batting: LHB Edgar Ortiz 0-0: Ball
1-0: Ball
2-0: Ball
3-0: Base on Balls
Carlos Almada to second
Batting: RHB Vance Coen 0-0: Called Strike
0-1: Ball
1-1: Foul Ball, location: 2F
1-2: Foul Ball, location: 2F
1-2: Foul Ball, location: 2F
1-2: Ball
2-2: Strikes out looking
Batting: RHB Carlos Santoni 0-0: Ball
1-0: Ball
2-0: Ball
3-0: Called Strike
3-1: SINGLE (Groundball, 6MD, EV 101.9 MPH)
Carlos Almada to third
Edgar Ortiz to second
Throwing error, E8
Carlos Almada scores
Edgar Ortiz to third
Carlos Santoni to second
Batting: RHB Dave Saldana 0-0: Ball
1-0: Ball
2-0: Ball
3-0: Base on Balls
Batting: RHB Kevin Wimberly 0-0: Foul Ball, location: 2F
0-1: Called Strike
0-2: Ball
1-2: Ball
2-2: Ball
Wild Pitch!
Edgar Ortiz scores
Carlos Santoni to third
Dave Saldana to second
3-2: DOUBLE (Line Drive, 89D, EV 105.6 MPH)
Carlos Santoni scores
Dave Saldana scores
Batting: LHB Mike Bhatti 0-0: Ball
1-0: Called Strike
1-1: Ball
2-1: Foul Ball, location: 2F
2-2: Foul Ball, location: 2F
2-2: Ball
3-2: Strikes out swinging
Top of the 8th over - 4 runs, 2 hits, 1 error, 1 left on base; Joplin 5 - Victoria 6
BOTTOM OF THE 8TH
Victoria Capitals batting - Pitching for Joplin Blasters : RHP Jordan Viveros
Pitching: RHP Phil Kellum
Batting: RHB David Greene 0-0: Ball
1-0: Ball
2-0: Ball
3-0: Called Strike
3-1: Swinging Strike
3-2: Fly out, F9 (Line Drive, 9, EV 96.2 MPH)
Batting: RHB Julian Gregory 0-0: Ground out 6-3 (Groundball, 6, EV 86.2 MPH)
Batting: RHB Enrique Valdez 0-0: Called Strike
0-1: Called Strike
0-2: Foul Ball, location: 2F
0-2: Ball
1-2: Strikes out swinging
Bottom of the 8th over - 0 runs, 0 hits, 0 errors, 0 left on base; Joplin 5 - Victoria 6
TOP OF THE 9TH
Joplin Blasters batting - Pitching for Victoria Capitals : LHP Chris Wheeler
Pitching: RHP Rickey DuMire
Batting: RHB Chance Argy 0-0: Called Strike
0-1: Fly out, F3 (Popup, 23F, EV 74.4 MPH)
Batting: RHB Carlos Almada 0-0: Called Strike
0-1: Called Strike
0-2: Ball
1-2: Ground out 6-3 (Groundball, 6, EV 108.8 MPH)
Batting: SHB Bill Ertl 0-0: Fly out, F5 (Popup, 5SF, EV 86.2 MPH)
Top of the 9th over - 0 runs, 0 hits, 0 errors, 0 left on base; Joplin 5 - Victoria 6
Wednesday, June 22nd , 2022 - OOTP Baseball 23.4 Build 64